 Dungeon Crawl Stone Soup version 0.23.0 (webtiles) character file.

Game seed: 13275327058783476496

5855 Think the Basher (level 10, -3/91 HPs)
             Began as a Minotaur Fighter on Feb 22, 2019.
             Was an Initiate of Okawaru.
             Killed from afar by a gargoyle (8 damage)
             ... with a stone arrow
             ... on level 10 of the Dungeon.
             The game lasted 00:28:11 (9003 turns).

Think the Basher (Minotaur Fighter)                 Turns: 9003, Time: 00:28:12

Health: -3/91      AC:  8    Str: 18 (21) XL:     10   Next: 52%
Magic:  9/9        EV:  8    Int:  2 (5)  God:    Okawaru [......]
Gold:   626        SH: 12    Dex: 10 (13) Spells: 9/9 levels left

rFire    + + .     SeeInvis .   q - +2 whip (vamp)
rCold    + . .     Gourm    .   c - +1 shield
rNeg     . . .     Faith    .   b - +0 scale mail
rPois    +         Spirit   .   (helmet restricted)
rElec    +         Reflect  .   (no cloak)
rCorr    +         Harm     .   (no gloves)
MR       .....                  (no boots)
Stlth    ..........             g - amulet of regeneration
HPRegen  0.65/turn              i - ring of poison resistance
MPRegen  0.11/turn              e - ring of protection from fire

@: about to teleport, resistant
A: retaliatory headbutt, horns 2
a: Renounce Religion


You were on level 10 of the Dungeon.
You worshipped Okawaru.
Okawaru was noncommittal.
You were not hungry.

You visited 2 branches of the dungeon, and saw 11 of its levels.

You collected 626 gold pieces.

Inventory:

Hand Weapons
 a - a +0 flail
 q - a +2 vampiric whip (weapon)
 A - the +5 short sword "Ox" {venom, Dex+4}
   (You found it on level 6 of the Dungeon)

   It poisons the flesh of those it strikes.
   It affects your dexterity (+4).
Armour
 b - a +0 scale mail (worn)
 c - a +1 shield (worn)
 B - a +0 robe of the Archmagi
Jewellery
 e - a ring of protection from fire (right hand)
 g - an amulet of regeneration (around neck)
 i - a ring of poison resistance (left hand)
 n - an uncursed amulet of the acrobat
 D - an uncursed ring of fire
Wands
 p - a wand of iceblast (11)
 v - a wand of paralysis (7)
 x - a wand of disintegration (15)
 z - a wand of polymorph (10)
Scrolls
 d - 3 scrolls of remove curse
 k - 2 scrolls of blinking {unknown}
 l - 3 scrolls of identify
 o - a scroll of fog {unknown}
 r - 2 scrolls of amnesia
 u - 2 scrolls of random uselessness {unknown}
 w - 2 scrolls of enchant armour
 C - a scroll of immolation {unknown}
Potions
 j - a potion of curing
 t - a potion of brilliance
Comestibles
 f - 17 rations


   Skills:
 + Level 9.3 Fighting
 - Level 12.0 Maces & Flails
 + Level 9.3 Armour
 + Level 9.3 Shields


You had 9 spell levels left.
You didn't know any spells.
Your spell library contained the following spells:

 Spells                   Type           Power        Failure   Level  Hunger
 Infusion                 Chrm           #...         98%         1    ##.....
 Shroud of Golubria       Chrm/Tloc      #.........   99%         2    ###....
 Song of Slaying          Chrm           #.......     99%         2    ###....
 Regeneration             Chrm/Necr      #.........   100%        3    ####...
 Spectral Weapon          Hex/Chrm       #.......     100%        3    ####...


Dungeon Overview and Level Annotations

Branches:
Dungeon (10/15)            Temple (1/1) D:6             Orc (0/2) D:9
   Lair: D:8-11

Altars:
Ashenzari
Cheibriados
Dithmenos
Elyvilon
Fedhas
Gozag
Hepliaklqana
Kikubaaqudgha
Makhleb
Nemelex Xobeh
Okawaru
Qazlal
Ru
Sif Muna
Trog
Uskayaw
Vehumet
Wu Jian
Xom
Yredelemnul
Zin
The Shining One

Shops:
D:7 *   D:9 (([

Annotations:
D:2 Sigmund
D:3 3 runed translucent doors, DemiseAU's ghost, amateur OgBe
D:4 2 transporters


Innate Abilities, Weirdness & Mutations

You reflexively headbutt those who attack you in melee.
You have a pair of horns on your head.


Message History

You hit the hound.
You feel better.
You headbutt the hound.
You kill the hound!
Okawaru accepts your kill.
The gargoyle hurls a stone arrow at you.
The stone arrow misses you.
The gargoyle hurls a stone arrow at you.
You block the stone arrow.
You see here a hound corpse.
The gargoyle hurls a stone arrow at you.
The stone arrow hits you!
* * * LOW HITPOINT WARNING * * *
Your shield and scale mail prevent you from hitting the gargoyle.
The gargoyle hits you with a +0 flail.
* * * LOW HITPOINT WARNING * * *
You feel protected.
As you read the scroll of teleportation, it crumbles to dust.
You feel strangely unstable.
The gargoyle hurls a stone arrow at you.
The stone arrow hits you!
You die...

#.* **,* #.. ##.######
***+*** #.. #.......#
*,,,,,* #.>
#.......#*###,,,,,* #..
#.......##..+,,,,,* #..
#.......#..#*,,,,,* **#..
#.......#.#**,,,,,****,+..
#...[...#†# *,,,,,+,,,,#..
#.<.....9@# *,,,,,*****###
#.......### *,,,,,*
######### *******


You could see a gargoyle.

Vanquished Creatures
  Maurice (D:8)
  Psyche (D:9)
  A troll (D:8)
  A hippogriff (D:7)
  A wraith (D:10)
  A human (D:6)
  A yak (D:7)
  3 hogs (D:6)
  Eustachio (D:5)
  Menkaure (D:5)
  3 water moccasins
  2 orc warriors
  3 sky beasts
  3 ice beasts
  A necrophage (D:9)
  A phantom (D:4)
  3 ogres
  4 centaurs
  4 bullfrogs
  A wyvern zombie (D:9)
  2 scorpions
  5 wights (D:7)
  3 howler monkeys
  A centaur zombie (D:8)
  A crimson imp (D:5)
  2 jellies (D:8)
  A quasit (D:8)
  2 centaur skeletons (D:9)
  2 orc priests (D:9)
  4 hounds
  7 orc wizards
  A bullfrog skeleton (D:8)
  2 iguanas
  Jessica (D:2)
  8 worker ants
  A worker ant zombie (D:4)
  7 gnolls
  11 adders
  2 shadow imps
  An adder skeleton (D:6)
  5 worms
  3 leopard geckos
  26 orcs
  2 ball pythons
  4 giant cockroaches
  8 goblins
  4 hobgoblins (D:1)
  7 jackals
  4 quokkas
  6 bats
  3 frilled lizards
  A jackal zombie (D:6)
  8 kobolds
  A quokka zombie (D:5)
  11 rats
194 creatures vanquished.

Notes
Turn   | Place    | Note
-------+----------+-------------------------------------------
     0 | D:1      | Think the Minotaur Fighter began the quest for the Orb.
     0 | D:1      | Reached XP level 1. HP: 19/19 MP: 0/0
   161 | D:1      | Reached XP level 2. HP: 26/27 MP: 1/1
   210 | D:1      | Reached skill level 3 in Maces & Flails
   403 | D:1      | Reached XP level 3. HP: 33/33 MP: 2/2
   867 | D:1      | Reached XP level 4. HP: 7/40 MP: 3/3
  1029 | D:2      | Reached skill level 4 in Maces & Flails
  1044 | D:2      | Noticed Jessica
  1049 | D:2      | Killed Jessica
  1239 | D:2      | Noticed Sigmund
  1273 | D:2      | HP: 2/41 [something (8)]
  1609 | D:2      | Reached XP level 5. HP: 47/47 MP: 4/4
  1752 | D:3      | Found a runed translucent gate.
  1753 | D:3      | Found a runed translucent gate.
  1753 | D:3      | Noticed DemiseAU's ghost (amateur OgBe)
  1754 | D:3      | Found a runed translucent gate.
  2359 | D:4      | Found a transporter.
  2373 | D:4      | Noticed a phantom
  2407 | D:3      | Reached skill level 5 in Maces & Flails
  2505 | D:4      | Killed a phantom
  2505 | D:4      | Reached skill level 5 in Fighting
  2505 | D:4      | Reached XP level 6. HP: 37/56 MP: 5/5
  2705 | D:4      | Found a transporter.
  2764 | D:4      | Reached skill level 5 in Shields
  2774 | D:4      | Reached skill level 5 in Armour
  3062 | D:5      | Entered Level 5 of the Dungeon
  3072 | D:5      | Noticed a sky beast
  3087 | D:5      | Killed a sky beast
  3319 | D:5      | Noticed Eustachio
  3385 | D:5      | Killed Eustachio
  3385 | D:5      | Reached skill level 6 in Maces & Flails
  3385 | D:5      | Reached XP level 7. HP: 19/61 MP: 6/6
  3521 | D:5      | Noticed Menkaure
  3533 | D:5      | Killed Menkaure
  3791 | D:5      | Found a hide-covered altar of Uskayaw.
  3792 | D:5      | Found a hazy altar of Hepliaklqana.
  3882 | D:5      | Found a shimmering altar of Xom.
  3893 | D:5      | Reached skill level 7 in Maces & Flails
  4560 | D:6      | Reached XP level 8. HP: 33/70 MP: 7/7
  4701 | D:6      | Reached skill level 8 in Maces & Flails
  5223 | D:6      | Found a staircase to the Ecumenical Temple.
  5403 | D:6      | Got a blackened short sword
  5404 | D:6      | Identified the +5 short sword "Ox" {venom, Dex+4} (You
                  | found it on level 6 of the Dungeon)
  5510 | D:7      | Found a sand-covered staircase.
  5568 | D:7      | Noticed a hippogriff
  5601 | D:7      | Killed a hippogriff
  5601 | D:7      | Reached skill level 9 in Maces & Flails
  5617 | D:7      | Reached XP level 9. HP: 47/79 MP: 8/8
  5792 | D:7      | Found Lozepun's General Store.
  6104 | D:6      | HP: 1/118 [hog (7)]
  6109 | D:6      | Reached skill level 10 in Maces & Flails
  7241 | D:8      | Reached skill level 11 in Maces & Flails
  7492 | D:8      | Noticed Maurice
  7546 | D:8      | Killed Maurice
  7546 | D:8      | Reached XP level 10. HP: 90/90 MP: 9/9
  7717 | D:9      | Found Inumao Vixke's Weapon Shop.
  7752 | D:9      | Found Ykathroq's Armour Shop.
  7752 | D:9      | Found a staircase to the Orcish Mines.
  7753 | D:9      | Found Raopya's Weapon Shop.
  8193 | D:9      | Found a shadowy altar of Dithmenos.
  8321 | Temple   | Entered the Ecumenical Temple
  8444 | Temple   | Became a worshipper of Warmaster Okawaru
  8691 | D:9      | Noticed Psyche
  8714 | D:9      | Killed Psyche
  8714 | D:9      | Reached skill level 12 in Maces & Flails
  8901 | D:10     | Entered Level 10 of the Dungeon
  8988 | D:10     | Noticed a gargoyle
  9001 | D:10     | HP: 4/91 [gargoyle/+0 flail (3)]
  9003 | D:10     | Killed from afar by a gargoyle

Skill      XL: |  1  2  3  4  5  6  7  8  9 10 |
---------------+-------------------------------+-----
Maces & Flails | 3 4 5 6 7 9 11 12 | 12.0
Fighting       | 4 5 6 7 8 9 |  9.3
Armour         | 4 5 6 7 8 9 |  9.3
Shields        | 4 5 6 7 8 9 |  9.3

Action                   |  1- 3 |  4- 6 |  7- 9 | 10-12 || total
-------------------------+-------+-------+-------+-------++-------
Melee: Flail             |    88 |   180 |   375 |   103 ||   746
       Headbutt          |     3 |    21 |    62 |    33 ||   119
       Whip              |       |       |       |    51 ||    51
  Use: Scroll            |     1 |     1 |     2 |     8 ||    12
       Potion            |       |     5 |     5 |     4 ||    14
  Eat: Chunk             |       |     6 |     8 |     4 ||    18
       Ration            |       |     1 |     1 |     2 ||     4
Armor: Scale mail        |    39 |   145 |    93 |    35 ||   312
       Skin              |       |       |     8 |       ||     8
Dodge: Dodged            |    38 |    87 |   100 |    35 ||   260
Block: Shield            |    49 |   159 |   191 |    80 ||   479
